cohdb
Replays
Latest Replays
All Replays
Popular Replays
Top Player Replays
Match Explorer
How It Works
Community
CoH3 Stats
Reddit
Sign in to upload your games and track your stats! →
Sign in with Steam
Match 41111398
Unlisted
Match 41111398
Overview
Messages
Build Orders
End
Kradschützen Motorcycle Team
Selects Italian Combined Arms Battlegroup
Selects Bersaglieri Squad
Bersaglieri Squad
Bersaglieri Squad
Bersaglieri Squad
Construct Light Support Kompanie
Fire Support Elements
Flakvierling Half-track
2.5-tonne Medical Truck
Panzerjäger Mechanized Group
Combat Half-tracks
Vehicle Survival Package
Selects Bersaglieri Bolster
Selects Breda Model 30 Light Machine Guns
Panzerpioneer Squad
Construct Panzerarmee Kommand
Walking Stuka Rocket Launcher
Panzer III L Medium Tank
Armored Reserves
Selects Semovente da 75/18 Assault Gun
Selects Strafing Run
Selects Pact of Steel
HelpingHans
Broly19HS
MZMZ
jerjawe
Be.Nice
Guh
szwed
Minimizen
0
0
Comments
sign in to comment!
No comments posted yet!